 Dungeon Sprint DCSS version 0.31-a0-845-g9abc20d24f (webtiles) character file.

Game seed: 16609633505436488838

10000000 Danienth the Axe Maniac (level 27, -71/201 (249) HPs)
             Began as a Human Fighter on Oct 2, 2023.
             Was the Champion of Makhleb.
             Killed from afar by a wretched soul (142 damage)
             ... with a bolt of negative energy
             ... in the Dungeon (Sprint VIII: "Arena of Blood").
             The game lasted 00:16:04 (100 turns).

Danienth the Axe Maniac (Human Fighter)              Turns: 100, Time: 00:16:04

HP:   -71/201 (249) AC: 13    Str: 19    XL:     27
MP:   30/54         EV: 29    Int: 11    God:    Makhleb [******]
Gold: 0             SH:  0    Dex: 22    Spells: 80/80 levels left

rFire   . . .        k - +∞ Axe of Woe
rCold   . . .        (shield currently unavailable)
rNeg    . . .        b - +0 scale mail
rPois   .            (no helmet)
rElec   .            (no cloak)
rCorr   .            (no gloves)
SInv    .            (no boots)
Will    ++...        (no amulet)
Stlth   +++++++++    j - +30 ring of slaying
HPRegen 0.53/turn    f - +200 ring of slaying
MPRegen 0.34/turn

%: no teleportation
@: mighty, heavily drained
A: no striking features
a: Renounce Religion, Minor Destruction, Lesser Servant of Makhleb, Major
Destruction, Greater Servant of Makhleb


You were in the Dungeon.
You worshipped Makhleb.
Makhleb was exalted by your worship.
You visited 1 branch

Inventory:

Hand Weapons
 a - a +0 war axe
 k - the +∞ Axe of Woe (weapon)
   (You found it in the Dungeon)
Armour
 b - a +0 scale mail (worn)
 c - a +0 buckler
Jewellery
 f - a +200 ring of slaying (right hand)
 j - a +30 ring of slaying (left hand)
 l - a +30 ring of slaying
Potions
 h - 2 potions of magic
 i - a potion of berserk rage


   Skills:
 O Level 27 Fighting
 O Level 27 Short Blades
 O Level 27 Long Blades
 O Level 27 Axes
 O Level 27 Maces & Flails
 O Level 27 Polearms
 O Level 27 Staves
 O Level 27 Ranged Weapons
 O Level 27 Throwing
 O Level 27 Armour
 O Level 27 Dodging
 O Level 27 Stealth
 O Level 27 Shields
 O Level 27 Unarmed Combat
 O Level 27 Spellcasting
 O Level 27 Conjurations
 O Level 27 Hexes
 O Level 27 Summonings
 O Level 27 Necromancy
 O Level 27 Translocations
 O Level 27 Transmutations
 O Level 27 Fire Magic
 O Level 27 Ice Magic
 O Level 27 Air Magic
 O Level 27 Earth Magic
 O Level 27 Poison Magic
 O Level 27 Invocations
 O Level 27 Evocations
 + Level 25.3 Shapeshifting


You had 80 spell levels left.
You didn't know any spells.
Your spell library was empty.

Dungeon Overview and Level Annotations

Branches:
Dungeon (1/1)

Altars:
Makhleb


Message History

Your Shapeshifting skill gained 2 levels and is now at level 25!
A bag of meat comes into view. It is wielding a +9 war axe.
Cleave: k) +∞ Axe of Woe
Press: ? - help, Dir - move target, f - bag of meat
Aim: a bag of meat, wielding a +9 war axe and wearing a +30 ring of slaying (heavily wounded, about 0% to evade the +∞ Axe of Woe)
You chop the bag of meat into pieces!!!!
You hew the bag of meat violently.
You kill the bag of meat!
Makhleb accepts your kill.
You feel better.
You chop the tyrant into pieces!!!!!
You slaughter the tyrant joyfully.
You destroy the tyrant!
Makhleb accepts your kill.
You feel better.
The large abomination disappears in a puff of smoke! x2
The tentacled monstrosity disappears in a puff of smoke!
The large abomination disappears in a puff of smoke!
A meat berserker comes into view. It is wielding a +9 battleaxe.
A dread comes into view.
The meat berserker is engulfed in blazing flames.
The destroyer points at you and mumbles some strange words.
The destroyer blinks!
A meat beast comes into view.
The meat beast is engulfed in blazing flames.
The meat beast bites you!! The meat beast tramples you.
You hold your ground!
The accursed is engulfed in blazing flames.
The accursed gestures at you while chanting.
Something smites you!
* * * LOW HITPOINT WARNING * * *
A bolt of negative energy appears from out of thin air!
The bolt of negative energy hits the destroyer.
The destroyer completely resists.
The bolt of negative energy hits something!!!
The bolt of negative energy hits the dread.
The dread completely resists.
Deactivating autopickup; reactivate with Ctrl-A.
The bolt of negative energy hits you!!!!
You feel drained.
Ouch! That really hurt!
You die... .......§.. oo....... ..°{..... #. oVoO.#

#.. ...M# .o
.###.. {..###Xo.
..2...###W{§LX...
..O.oV)_)@o§oO.DX
o...#.§)○2#Oo..o.
. #_§○o{# O.z..
#oO.M°# O.§.
..o§._.o..o ...
......###..§....W
.###.. ...###. O
#.. ...# #. ...#


You could see 2 accurseds, a tentacled monstrosity (summoned), 2 meat beasts, a
tyrant, 2 destroyers, a large abomination (summoned), 2 dreads, 7 meat
berserkers and 12 bags of meat.

Vanquished Creatures
  4 hell beasts (D)
  3 royal mummies (D)
  2 wraiths (D)
  14 vampire knights (D)
  28 ogres (D)
  3 two-headed ogres (D)
  6 liches (D)
  A hydra (D)
  A phantom (D)
  65 orcs (D)
  3 skeletal warriors (D)
130 creatures vanquished.

Notes
Turn   | Place    | Note
-------+----------+-------------------------------------------
     0 | D        | Found the +∞ Axe of Woe
     0 | D        | Danienth the Human Fighter began the quest for the Orb.
     0 | D        | Reached XP level 1. HP: 18/18 MP: 1/1
     1 | D        | Noticed a bag of meat
     1 | D        | Noticed a bag of meat
     2 | D        | Noticed a bag of meat
     2 | D        | Noticed a bag of meat
     3 | D        | Noticed a bag of meat
     3 | D        | Noticed a bag of meat
     8 | D        | Became a worshipper of Makhleb the Destroyer
     8 | D        | Noticed a bag of meat
     9 | D        | Killed a bag of meat
     9 | D        | Killed a bag of meat
     9 | D        | Reached * piety under Makhleb
     9 | D        | Noticed a bag of meat
     9 | D        | Noticed a bag of meat
    10 | D        | Reached XP level 2. HP: 25/49 MP: 2/2
    10 | D        | Reached XP level 3. HP: 28/55 MP: 3/3
    10 | D        | Reached XP level 4. HP: 32/63 MP: 4/4
    10 | D        | Reached XP level 5. HP: 35/69 MP: 5/5
    10 | D        | Reached XP level 6. HP: 39/76 MP: 6/6
    10 | D        | Reached XP level 7. HP: 43/83 MP: 7/7
    10 | D        | Reached XP level 8. HP: 46/90 MP: 8/8
    10 | D        | Reached XP level 9. HP: 49/96 MP: 9/9
    10 | D        | Reached XP level 10. HP: 54/104 MP: 10/10
    10 | D        | Reached XP level 11. HP: 57/110 MP: 11/11
    10 | D        | Reached XP level 12. HP: 60/117 MP: 12/12
    10 | D        | Killed a bag of meat
    10 | D        | Killed a bag of meat
    10 | D        | Killed a bag of meat
    10 | D        | Reached ** piety under Makhleb
    10 | D        | Killed a bag of meat
    10 | D        | Noticed a bag of meat
    10 | D        | Noticed a bag of meat
    11 | D        | Reached XP level 13. HP: 127/133 MP: 13/13
    11 | D        | Reached XP level 14. HP: 135/141 MP: 14/14
    11 | D        | Killed a bag of meat
    11 | D        | Noticed a meat berserker
    11 | D        | Noticed a bag of meat
    12 | D        | Noticed a bag of meat
    12 | D        | Noticed a bag of meat
    13 | D        | Killed a meat berserker
    13 | D        | Reached *** piety under Makhleb
    13 | D        | Noticed a bag of meat
    13 | D        | Noticed a meat berserker
    13 | D        | Noticed a bag of meat
    13 | D        | Noticed a bag of meat
    14 | D        | Reached XP level 15. HP: 153/153 MP: 15/15
    17 | D        | Noticed a meat berserker
    19 | D        | Reached **** piety under Makhleb
    20 | D        | Reached XP level 16. HP: 164/164 MP: 16/16
    20 | D        | Noticed a destroyer
    20 | D        | Noticed a meat berserker
    21 | D        | Reached skill level 27 in Axes
    21 | D        | Killed a meat berserker
    21 | D        | Noticed a meat berserker
    22 | D        | Reached skill level 27 in Fighting
    22 | D        | Reached skill level 27 in Dodging
    22 | D        | Reached XP level 17. HP: 174/174 MP: 17/17
    23 | D        | Noticed a meat berserker
    24 | D        | Reached ***** piety under Makhleb
    24 | D        | Noticed a destroyer
    24 | D        | Noticed a meat berserker
    25 | D        | Noticed a destroyer
    26 | D        | Killed a meat berserker
    27 | D        | Reached skill level 27 in Fire Magic
    27 | D        | Reached XP level 18. HP: 182/182 MP: 18/18
    27 | D        | Killed a meat berserker
    27 | D        | Noticed a meat berserker
    28 | D        | Noticed a destroyer
    28 | D        | Reached ****** piety under Makhleb
    28 | D        | Noticed an eight-headed meat hydra
    29 | D        | Killed a destroyer
    29 | D        | Noticed a meat berserker
    30 | D        | Reached XP level 19. HP: 189/189 MP: 19/19
    30 | D        | Killed a meat berserker
    30 | D        | Killed a meat berserker
    31 | D        | Reached XP level 20. HP: 197/197 MP: 20/20
    31 | D        | Killed a meat berserker
    32 | D        | Reached skill level 15 in Invocations
    32 | D        | Noticed a meat berserker
    32 | D        | Noticed a meat berserker
    33 | D        | Killed a meat berserker
    33 | D        | Killed a destroyer
    34 | D        | Noticed a destroyer
    35 | D        | Killed a destroyer
    35 | D        | Noticed a meat berserker
    36 | D        | Reached skill level 27 in Maces & Flails
    36 | D        | Reached skill level 27 in Polearms
    36 | D        | Reached skill level 27 in Invocations
    36 | D        | Reached skill level 15 in Armour
    36 | D        | Reached XP level 21. HP: 204/204 MP: 20/38
    36 | D        | Killed a meat berserker
    36 | D        | Killed a meat berserker
    37 | D        | Reached skill level 15 in Stealth
    37 | D        | Reached XP level 22. HP: 212/212 MP: 20/39
    40 | D        | Killed a meat berserker
    42 | D        | Noticed a destroyer
    43 | D        | Noticed a meat berserker
    43 | D        | Noticed a large bag of meat
    45 | D        | Killed a meat berserker
    45 | D        | Killed a destroyer
    46 | D        | Reached skill level 27 in Armour
    46 | D        | Reached skill level 27 in Stealth
    46 | D        | Reached skill level 27 in Shields
    46 | D        | Reached XP level 23. HP: 219/219 MP: 22/40
    47 | D        | Killed a destroyer
    48 | D        | Noticed a destroyer
    53 | D        | Reached skill level 10 in Ranged Weapons
    53 | D        | Reached skill level 10 in Throwing
    53 | D        | Reached skill level 10 in Unarmed Combat
    53 | D        | Reached skill level 10 in Conjurations
    53 | D        | Reached skill level 10 in Hexes
    53 | D        | Reached skill level 10 in Ice Magic
    53 | D        | Reached skill level 10 in Air Magic
    53 | D        | Reached skill level 10 in Earth Magic
    53 | D        | Reached skill level 10 in Poison Magic
    53 | D        | Reached XP level 24. HP: 227/227 MP: 23/40
    53 | D        | Killed a destroyer
    53 | D        | Noticed a destroyer
    56 | D        | Killed a large bag of meat
    57 | D        | Reached skill level 15 in Staves
    57 | D        | Reached XP level 25. HP: 230/234 MP: 23/40
    58 | D        | Reached skill level 15 in Ranged Weapons
    58 | D        | Reached skill level 15 in Throwing
    58 | D        | Reached skill level 15 in Unarmed Combat
    58 | D        | Reached skill level 15 in Conjurations
    58 | D        | Reached skill level 15 in Hexes
    58 | D        | Reached skill level 15 in Ice Magic
    58 | D        | Reached skill level 15 in Air Magic
    58 | D        | Reached skill level 15 in Earth Magic
    58 | D        | Reached skill level 15 in Poison Magic
    60 | D        | Killed a destroyer
    60 | D        | Noticed a destroyer
    61 | D        | Noticed a dread
    61 | D        | Noticed a large bag of meat
    61 | D        | Noticed a tyrant
    62 | D        | Noticed a dread
    63 | D        | Killed a destroyer
    63 | D        | Noticed a tyrant
    64 | D        | Reached XP level 26. HP: 242/242 MP: 24/43
    65 | D        | Killed a destroyer
    66 | D        | Noticed a tyrant
    67 | D        | Noticed a destroyer
    68 | D        | Noticed an accursed
    69 | D        | Killed a dread
    70 | D        | Noticed a meat beast
    70 | D        | Killed a destroyer
    70 | D        | Noticed an accursed
    71 | D        | Reached XP level 27. HP: 72/249 MP: 25/46
    71 | D        | Noticed a destroyer
    71 | D        | Noticed a tyrant
    74 | D        | Killed a meat beast
    74 | D        | Killed a large bag of meat
    74 | D        | Noticed an accursed
    75 | D        | Noticed a tyrant
    77 | D        | Noticed an accursed
    78 | D        | Killed a tyrant
    78 | D        | Noticed a meat beast
    79 | D        | Noticed a destroyer
    80 | D        | Killed a dread
    82 | D        | Killed a destroyer
    82 | D        | Noticed a large bag of meat
    83 | D        | Killed a destroyer
    84 | D        | Reached skill level 27 in Staves
    84 | D        | Killed a tyrant
    84 | D        | Noticed a dread
    85 | D        | Killed a meat beast
    85 | D        | Noticed a destroyer
    86 | D        | Reached skill level 27 in Ranged Weapons
    86 | D        | Reached skill level 27 in Throwing
    86 | D        | Reached skill level 27 in Unarmed Combat
    86 | D        | Reached skill level 27 in Spellcasting
    86 | D        | Reached skill level 27 in Conjurations
    86 | D        | Reached skill level 27 in Hexes
    86 | D        | Reached skill level 27 in Ice Magic
    86 | D        | Reached skill level 27 in Air Magic
    86 | D        | Reached skill level 27 in Earth Magic
    86 | D        | Reached skill level 27 in Poison Magic
    86 | D        | Killed a tyrant
    87 | D        | Noticed a destroyer
    87 | D        | Killed a destroyer
    88 | D        | Killed a destroyer
    89 | D        | Reached skill level 10 in Shapeshifting
    89 | D        | Killed an accursed
    91 | D        | Reached skill level 15 in Short Blades
    91 | D        | Reached skill level 15 in Long Blades
    91 | D        | Reached skill level 15 in Summonings
    91 | D        | Reached skill level 15 in Necromancy
    91 | D        | Reached skill level 15 in Translocations
    91 | D        | Reached skill level 15 in Transmutations
    91 | D        | Reached skill level 15 in Evocations
    91 | D        | Noticed a tyrant
    91 | D        | Noticed a meat beast
    91 | D        | Noticed a meat beast
    92 | D        | Killed an accursed
    92 | D        | Noticed an accursed
    92 | D        | Noticed a tyrant
    93 | D        | Killed an accursed
    93 | D        | Noticed a meat beast
    95 | D        | Killed a large bag of meat
    96 | D        | Killed a tyrant
    96 | D        | Killed a meat beast
    97 | D        | Killed a tyrant
    97 | D        | Noticed a destroyer
    98 | D        | Noticed a large bag of meat
    99 | D        | Killed a meat beast
    99 | D        | Noticed a destroyer
   100 | D        | Reached skill level 27 in Short Blades
   100 | D        | Reached skill level 27 in Long Blades
   100 | D        | Reached skill level 27 in Summonings
   100 | D        | Reached skill level 27 in Necromancy
   100 | D        | Reached skill level 27 in Translocations
   100 | D        | Reached skill level 27 in Transmutations
   100 | D        | Reached skill level 27 in Evocations
   100 | D        | Killed a tyrant
   100 | D        | Noticed a dread
   100 | D        | Noticed a meat beast
   100 | D        | Killed from afar by a wretched soul

Illustrated notes

Levels and vault maps discovered:
D:        meatsprint

Skill      XL: |  1  2  3  4  5  6  7  8  9 10 11 12 13 14 15 16 17 18 19 20 21 22 23 24 25 26 27 |
---------------+----------------------------------------------------------------------------------+-----
Fighting       | 18 22 24 26 27 | 27.0
Axes           | 16 21 24 26 27 | 27.0
Dodging        | 17 21 22 24 27 | 27.0
Maces & Flails | 9 20 26 27 | 27.0
Polearms       | 9 20 26 27 | 27.0
Fire Magic     | 27 | 27.0
Invocations    | 27 | 27.0
Armour         | 15 20 27 | 27.0
Stealth        | 11 15 27 | 27.0
Shields        | 14 19 27 | 27.0
Staves         | 2 11 15 19 22 27 | 27.0
Ranged Weapons | 2 10 14 18 21 27 | 27.0
Throwing       | 2 10 14 18 21 27 | 27.0
Unarmed Combat | 2 10 14 18 21 27 | 27.0
Spellcasting   | 2 9 13 16 19 27 | 27.0
Conjurations   | 2 10 14 18 21 27 | 27.0
Hexes          | 2 10 14 18 21 27 | 27.0
Ice Magic      | 2 10 14 18 21 27 | 27.0
Air Magic      | 2 10 14 18 21 27 | 27.0
Earth Magic    | 2 10 14 18 21 27 | 27.0
Poison Magic   | 2 10 14 18 21 27 | 27.0
Short Blades   | 27 | 27.0
Long Blades    | 27 | 27.0
Summonings     | 27 | 27.0
Necromancy     | 27 | 27.0
Translocations | 27 | 27.0
Transmutations | 27 | 27.0
Evocations     | 27 | 27.0
Shapeshifting  | 25 | 25.3

Action                     |  1- 3 |  4- 6 |  7- 9 | 10-12 | 13-15 | 16-18 | 19-21 | 22-24 | 25-27 || total
---------------------------+-------+-------+-------+-------+-------+-------+-------+-------+-------++-------
  Melee: Executioner's axe |     1 |       |       |     1 |     4 |     8 |     5 |     9 |    37 ||    65
 Invoke: Major Destruction |       |       |       |       |       |       |       |     2 |     2 ||     4
         Greater Servant o |       |       |       |       |       |       |       |     3 |     1 ||     4
    Use: Scroll            |     1 |       |       |       |       |       |       |       |       ||     1
         Potion            |       |       |       |       |       |       |     2 |       |     2 ||     4
 Armour: Scale mail        |     1 |       |       |       |       |       |       |     1 |    40 ||    42
  Dodge: Dodged            |       |       |       |       |       |       |       |       |     1 ||     1

Table legend: (Time is in decaauts)
 A = Elapsed time spent in this place.
 B = Non-inter-level travel time spent in this place.
 C = Inter-level travel time spent in this place.
 D = Time resting spent in this place.
 E = Time spent auto-exploring this place.
 F = Levels seen in this place.
 G = Mean time per level.
                   A        B        C        D        E       F      G
               +--------+--------+--------+--------+--------+-----+--------+
         Total |     64 |     64 |      0 |      0 |      0 |   1 |   64.0 |
       Dungeon |     64 |     64 |      0 |      0 |      0 |   1 |   64.0 |
               +--------+--------+--------+--------+--------+-----+--------+

Top non-repeatable levels by time:
       D: 64 daAuts
